[Event "Turkish Youth Championship 2024"]
[Site "Samsun"]
[Date "2024.05.19"]
[Round "3"]
[White "Tonoglu, Engin Erdem"]
[Black "Ekinci, Berkay"]
[Result "0-1"]
[ECO "E38"]
[WhiteElo "1691"]
[BlackElo "1891"]
[Annotator "NA"]
[PlyCount "70"]
[EventDate "2024.05.18"]
[EventType "swiss"]
[EventCountry "TUR"]
[SourceTitle "playchess.com"]
[Source "ChessBase"]
[SourceQuality "1"]
[TimeControl "5400+30"]

1. d4 Nf6 2. Nf3 e6 3. c4 b6 4. Nc3 Bb4 5. Qc2 Bb7 6. e3 O-O 7. Be2 c5 8. O-O cxd4 9. Nxd4 Nc6 10. Rd1 Nxd4 11. exd4 Bxc3 12. Qxc3 Rc8 13. Bf4 d5 14. Qb3 dxc4 15. Bxc4 Bd5 16. Rac1 Qd7 17. Be5 Bxc4 18. Rxc4 Rxc4 19. Qxc4 Rc8 20. Qd3 Nd5 21. a3 Qa4 22. h3 Qc2 23. Rd2 Qxd3 24. Rxd3 Rc1+ 25. Kh2 Rc2 26. Bb8 a6 27. Rb3 Rxf2 28. Ba7 b5 29. a4 b4 30. a5 Rc2 31. Bc5 Rc4 32. Kg3 e5 33. Kf3 f5 34. Ke2 e4 35. Kd2 f4 0-1

[Event "Turkish Youth Championship 2024"]
[Site "Samsun"]
[Date "2024.05.19"]
[Round "3"]
[White "Demirkan, Mustafa"]
[Black "Ilgaz, Yusuf Kerem"]
[Result "0-1"]
[ECO "C78"]
[WhiteElo "1678"]
[BlackElo "1964"]
[Annotator "NA RC"]
[PlyCount "174"]
[EventDate "2024.05.18"]
[EventType "swiss"]
[EventCountry "TUR"]
[SourceTitle "playchess.com"]
[Source "ChessBase"]
[SourceQuality "1"]
[TimeControl "5400+30"]

1. e4 e5 2. Nf3 Nc6 3. Bb5 a6 4. Ba4 Nf6 5. O-O b5 6. Bb3 Bc5 7. Nxe5 Nxe5 8. d4 Bxd4 9. Qxd4 d6 10. Qd1 c5 11. c3 Bb7 12. f3 O-O 13. Be3 Re8 14. Bf2 Rc8 15. Nd2 Nd3 16. Bh4 c4 17. Bc2 Nxb2 18. Qb1 Nd3 19. Bxd3 cxd3 20. Qxd3 Qb6+ 21. Qd4 Qxd4+ 22. cxd4 Nd7 23. Rfc1 d5 24. e5 Nf8 25. Nb3 Ne6 26. Bg3 Rc4 27. Na5 Rxc1+ 28. Rxc1 Nxd4 29. Rc7 Bc8 30. Nc6 Nxc6 31. Rxc6 h6 32. Rd6 Be6 33. Rxa6 Rc8 34. Ra5 Rc1+ 35. Kf2 Rc2+ 36. Ke3 Rxg2 37. Rxb5 Rxa2 38. f4 Kh7 39. f5 Bxf5 40. Rxd5 Be6 41. Rd2 Ra3+ 42. Rd3 Ra1 43. Rd4 g5 44. h4 g4 45. Rf4 Ra3+ 46. Kf2 Ra2+ 47. Kg1 Kg6 48. Rf6+ Kh5 49. Bf4 g3 50. Bxg3 Kg4 51. Be1 Re2 52. Bf2 h5 53. Rh6 Rxe5 54. Rh7 Rb5 55. Rg7+ Kf4 56. Be1 Rb1 57. Kf2 Rb2+ 58. Kg1 Ra2 59. Rg2 Ra1 60. Kf2 Bg4 61. Bb4 Rb1 62. Bd6+ Ke4 63. Rg3 Rb2+ 64. Kg1 Bf3 65. Rg7 f5 66. Re7+ Kd3 67. Bf4 Be4 68. Rc7 Ke2 69. Rc3 Rb1+ 70. Rc1 Rb3 71. Kh2 Kf3 72. Rf1+ Kg4 73. Be5 Rh3+ 74. Kg1 Kxh4 75. Bh2 Rb3 76. Be5 Ra3 77. Rf2 Kg4 78. Rd2 h4 79. Rd8 Ra5 80. Bc3 Ra2 81. Rd2 Ra3 82. Be5 Rb3 83. Rb2 Ra3 84. Rd2 h3 85. Rd8 f4 86. Rg8+ Kf5 87. Bd4 Rg3+ 0-1

[Event "Turkish Youth Championship 2024"]
[Site "Samsun"]
[Date "2024.05.19"]
[Round "3"]
[White "Incecinar, Abdullah Mete"]
[Black "Zeyrek, Ayaz"]
[Result "1/2-1/2"]
[ECO "B33"]
[WhiteElo "1643"]
[BlackElo "1750"]
[Annotator "NA"]
[PlyCount "65"]
[EventDate "2024.05.18"]
[EventType "swiss"]
[EventCountry "TUR"]
[SourceTitle "playchess.com"]
[Source "ChessBase"]
[SourceQuality "1"]
[TimeControl "5400+30"]

1. e4 c5 2. Nf3 Nc6 3. d4 cxd4 4. Nxd4 Nf6 5. Nc3 e5 6. Ndb5 d6 7. Bg5 a6 8. Na3 b5 9. Nd5 Be7 10. Bxf6 Bxf6 11. c4 b4 12. Nc2 a5 13. g3 O-O 14. h4 g6 15. Bg2 h5 16. O-O Bg7 17. Qd3 Be6 18. Rfd1 Bxd5 19. cxd5 Ne7 20. Ne3 Kh7 21. Bh3 Bh6 22. Rac1 Bxe3 23. Qxe3 f5 24. Rc4 fxe4 25. Qxe4 Qb6 26. Qe3 Qxe3 27. fxe3 Nf5 28. Bxf5 Rxf5 29. Rf1 Kg7 30. Rc6 Rd8 31. e4 Rxf1+ 32. Kxf1 Kf6 33. Kf2 1/2-1/2

[Event "Turkish Youth Championship 2024"]
[Site "Samsun"]
[Date "2024.05.19"]
[Round "3"]
[White "Yildirim, Orhun Ali"]
[Black "Kilic, Nurullah"]
[Result "1/2-1/2"]
[ECO "A47"]
[WhiteElo "1561"]
[BlackElo "1893"]
[Annotator "NA RC"]
[PlyCount "61"]
[EventDate "2024.05.18"]
[EventType "swiss"]
[EventCountry "TUR"]
[SourceTitle "playchess.com"]
[Source "ChessBase"]
[SourceQuality "1"]
[TimeControl "5400+30"]

1. d4 Nf6 2. Bf4 e6 3. Nf3 b6 4. e3 Bb7 5. Nbd2 Be7 6. h3 c5 7. c3 O-O 8. Bd3 Nc6 9. Qe2 a6 10. O-O d6 11. a4 Re8 12. Rfd1 Bf8 13. Bg5 h6 14. Bh4 Be7 15. Bg3 d5 16. Ne5 Nxe5 17. Bxe5 Nd7 18. Bh2 Bf6 19. f4 c4 20. Bc2 b5 21. Nf3 Qe7 22. Ne5 Qd8 23. Nf3 Qe7 24. Ne5 Qd8 25. Nf3 Rc8 26. Ra2 Ra8 27. Ra3 Rc8 28. Raa1 Ra8 29. Re1 Qe7 30. Kh1 Nf8 31. Kg1 1/2-1/2

[Event "Turkish Youth Championship 2024"]
[Site "Samsun"]
[Date "2024.05.19"]
[Round "3"]
[White "Uslu, Tarik"]
[Black "Bulut, Kemal"]
[Result "1/2-1/2"]
[ECO "B76"]
[WhiteElo "1483"]
[BlackElo "1848"]
[Annotator "NA"]
[PlyCount "129"]
[EventDate "2024.05.18"]
[EventType "swiss"]
[EventCountry "TUR"]
[SourceTitle "playchess.com"]
[Source "ChessBase"]
[SourceQuality "1"]
[TimeControl "5400+30"]

1. e4 c5 2. Nf3 d6 3. d4 cxd4 4. Nxd4 Nf6 5. Nc3 g6 6. Be3 Bg7 7. f3 Nc6 8. Qd2 O-O 9. O-O-O d5 10. exd5 Nxd5 11. Nxc6 bxc6 12. Nxd5 cxd5 13. Qxd5 Qc7 14. Qc5 Qb7 15. Bd4 Bf5 16. c3 Rfc8 17. Qb5 Bh6+ 18. Rd2 Bxd2+ 19. Kxd2 Qxb5 20. Bxb5 Rcb8 21. c4 a6 22. Bc6 Rd8 23. Bxa8 Rxd4+ 24. Kc3 e5 25. g4 Be6 26. b3 Kf8 27. Kb4 Ke7 28. Bb7 h5 29. h3 hxg4 30. hxg4 Rd3 31. Rf1 Rd6 32. Ka5 Rd2 33. a3 Rb2 34. Ka4 Bxc4 35. bxc4 Rxb7 36. Ka5 Rb3 37. a4 Kd6 38. Kxa6 Rb4 39. Rd1+ Kc6 40. a5 Rb3 41. Rd5 f6 42. g5 Rxf3 43. gxf6 Rxf6 44. Rxe5 Kc7+ 45. Kb5 Rf1 46. Kc5 Ra1 47. Kb5 Rb1+ 48. Kc5 Ra1 49. Kb4 Rb1+ 50. Ka3 Rc1 51. Kb3 Rb1+ 52. Kc2 Rb8 53. Rg5 Rb4 54. Kc3 Ra4 55. Kb3 Ra1 56. Rxg6 Rxa5 57. Kb4 Ra1 58. Kb5 Rf1 59. Rg7+ Kc8 60. c5 Rf6 61. c6 Rf1 62. Rg4 Rb1+ 63. Kc5 Rc1+ 64. Rc4 Rxc4+ 65. Kxc4 1/2-1/2

[Event "Turkish Youth Championship 2024"]
[Site "Samsun"]
[Date "2024.05.19"]
[Round "3"]
[White "Akyuz, Pars"]
[Black "Hamurcu, Mehmet"]
[Result "0-1"]
[ECO "E33"]
[WhiteElo "1461"]
[BlackElo "1832"]
[Annotator "NA"]
[PlyCount "112"]
[EventDate "2024.05.18"]
[EventType "swiss"]
[EventCountry "TUR"]
[SourceTitle "playchess.com"]
[Source "ChessBase"]
[SourceQuality "1"]
[TimeControl "5400+30"]

1. d4 Nf6 2. c4 e6 3. Nc3 Bb4 4. Qc2 Nc6 5. Nf3 d6 6. e4 e5 7. d5 Bxc3+ 8. bxc3 Ne7 9. c5 Ng6 10. Bb5+ Bd7 11. Bxd7+ Qxd7 12. cxd6 cxd6 13. O-O O-O 14. Bg5 Nh5 15. Nh4 h6 16. Nxg6 fxg6 17. Be3 Rac8 18. Qb3 b6 19. a4 g5 20. a5 b5 21. a6 Nf4 22. Bxf4 Rxf4 23. Rab1 Rxe4 24. Qxb5 Qxb5 25. Rxb5 Rxc3 26. Rb7 Ra4 27. Rxa7 Rca3 28. h3 Rxa6 29. Rd7 Ra1 30. Rxa1 Rxa1+ 31. Kh2 Ra6 32. Kg3 Kh7 33. h4 gxh4+ 34. Kxh4 Kg6 35. Kg3 Kf6 36. f3 h5 37. Kh4 Ra4+ 38. Kg3 Ra6 39. Kh4 g6 40. g4 hxg4 41. Kxg4 Rb6 42. Kh4 e4 43. fxe4 Ke5 44. Re7+ Kf4 45. Re6 g5+ 46. Kh5 g4 47. e5 g3 48. exd6 g2 49. d7 Rb8 50. Re1 Rd8 51. Rc1 Rxd7 52. Rb1 Rh7+ 53. Kg6 Rh1 54. Rb4+ Ke5 55. Rg4 g1=Q 56. Rxg1 Rxg1+ 0-1

[Event "Turkish Youth Championship 2024"]
[Site "Samsun"]
[Date "2024.05.20"]
[Round "4"]
[White "Topuz, Mirac Melih"]
[Black "Uzdemir, Ali Poyraz"]
[Result "0-1"]
[ECO "E16"]
[WhiteElo "2079"]
[BlackElo "1898"]
[Annotator "ChessBase"]
[PlyCount "120"]
[EventDate "2024.05.18"]
[EventType "swiss"]
[EventCountry "TUR"]
[SourceTitle "playchess.com"]
[Source "ChessBase"]
[SourceQuality "1"]
[TimeControl "5400+30"]

1. d4 Nf6 2. c4 e6 3. Nf3 b6 4. g3 Bb7 5. Bg2 Bb4+ 6. Nbd2 c5 7. a3 Bxd2+ 8. Qxd2 d5 9. cxd5 Qxd5 10. dxc5 bxc5 11. O-O O-O 12. Rd1 Nc6 13. Qxd5 exd5 14. Bg5 Ne4 15. Bf4 f6 16. Rxd5 Nd4 17. Rxd4 cxd4 18. Nxd4 g5 19. Be3 Nd6 20. Nc6 Rfe8 21. g4 Ne4 22. Na5 Bd5 23. Rd1 Rad8 24. Bxa7 Ba8 25. Bd4 Re7 26. e3 Ra7 27. Nc4 Rc7 28. Nb6 Bb7 29. f3 Nc5 30. Rc1 Ne6 31. Rxc7 Nxc7 32. Bxf6 Rd6 33. Bd4 Ne6 34. Nc4 Rc6 35. b3 Nxd4 36. exd4 Rc7 37. Kf2 Bd5 38. Bf1 Rb7 39. Na5 Ra7 40. b4 Rc7 41. b5 Rc3 42. b6 Rxf3+ 43. Ke1 Rxa3 44. b7 Ra1+ 45. Kd2 Rb1 46. Ba6 Kf8 47. Kc2 Rb6 48. Kc3 Ke7 49. Bd3 h6 50. Bc4 Bxb7 51. Nb3 Kd6 52. Nc5 Bd5 53. Bd3 Rb8 54. Bf5 Re8 55. Kd2 Ra8 56. Nd7 Be6 57. Nb6 Rb8 58. Na4 Rb4 59. Nc3 Rxd4+ 60. Ke3 Rf4 0-1

[Event "Turkish Youth Championship 2024"]
[Site "Samsun"]
[Date "2024.05.20"]
[Round "4"]
[White "Danaci, Ege"]
[Black "Sadik, Muhammed Selim"]
[Result "1-0"]
[ECO "B33"]
[WhiteElo "2031"]
[BlackElo "1734"]
[Annotator "ChessBase"]
[PlyCount "89"]
[EventDate "2024.05.18"]
[EventType "swiss"]
[EventCountry "TUR"]
[SourceTitle "playchess.com"]
[Source "ChessBase"]
[SourceQuality "1"]
[TimeControl "5400+30"]

1. e4 c5 2. Nf3 e6 3. d4 cxd4 4. Nxd4 Nf6 5. Nc3 Nc6 6. Ndb5 d6 7. Bf4 e5 8. Bg5 a6 9. Na3 b5 10. Nd5 Be7 11. Bxf6 Bxf6 12. c3 O-O 13. Nc2 Rb8 14. Be2 Bg5 15. Bg4 Be6 16. O-O Qd7 17. h3 g6 18. Qd2 Qd8 19. Qd3 Bxd5 20. Qxd5 Ne7 21. Qb3 h5 22. Be2 Rb6 23. Rfd1 Qa8 24. Bf3 Nc6 25. a4 Qb8 26. a5 Rb7 27. Qd5 Qc8 28. Qxd6 Rd8 29. Qc5 Rxd1+ 30. Bxd1 Be7 31. Qe3 Nd8 32. Qe1 Ne6 33. Ne3 b4 34. Bb3 Nf4 35. Bc4 Rc7 36. Qf1 bxc3 37. bxc3 Rc6 38. h4 Bc5 39. Bd5 Rf6 40. Qc4 Qc7 41. Rb1 Qxa5 42. Rb7 Nxd5 43. Qxd5 Qxc3 44. Qd8+ Kg7 45. Qxf6+ 1-0

[Event "Turkish Youth Championship 2024"]
[Site "Samsun"]
[Date "2024.05.20"]
[Round "4"]
[White "Buyuk, Eymen Eren"]
[Black "Yildirim, Orhun Ali"]
[Result "1-0"]
[ECO "E73"]
[WhiteElo "1999"]
[BlackElo "1561"]
[Annotator "NA"]
[PlyCount "53"]
[EventDate "2024.05.18"]
[EventType "swiss"]
[EventCountry "TUR"]
[SourceTitle "playchess.com"]
[Source "ChessBase"]
[SourceQuality "1"]
[TimeControl "5400+30"]

1. d4 Nf6 2. c4 g6 3. Nc3 Bg7 4. e4 d6 5. Be2 O-O 6. Be3 e5 7. d5 a5 8. g4 Na6 9. h4 Bd7 10. h5 Qc8 11. f3 Ne8 12. Qd2 f5 13. h6 Bh8 14. gxf5 gxf5 15. f4 exf4 16. Bxf4 Nc5 17. exf5 Bxf5 18. Nf3 Nf6 19. Rg1+ Kf7 20. Ng5+ Ke7 21. O-O-O a4 22. Rde1 Kd7 23. Ne6 Nxe6 24. dxe6+ Bxe6 25. Nd5 Qd8 26. Nb6+ Kc6 27. Bf3+ 1-0

[Event "Turkish Youth Championship 2024"]
[Site "Samsun"]
[Date "2024.05.20"]
[Round "4"]
[White "Ilgaz, Yusuf Kerem"]
[Black "Gokturk, Murat Kutay"]
[Result "1-0"]
[ECO "D11"]
[WhiteElo "1964"]
[BlackElo "1862"]
[Annotator "ChessBase"]
[PlyCount "73"]
[EventDate "2024.05.18"]
[EventType "swiss"]
[EventCountry "TUR"]
[SourceTitle "playchess.com"]
[Source "ChessBase"]
[SourceQuality "1"]
[TimeControl "5400+30"]

1. d4 d5 2. c4 c6 3. Nf3 Nf6 4. g3 Bf5 5. Nc3 e6 6. Qb3 Na6 7. c5 Qc8 8. Nh4 Bg4 9. f3 Bh5 10. g4 Bg6 11. Nxg6 hxg6 12. Bf4 Be7 13. O-O-O Nd7 14. e4 Nc7 15. Qa4 a6 16. Kb1 Kf8 17. Bd6 Bxd6 18. cxd6 Nb5 19. Bxb5 axb5 20. Qb4 Kg8 21. h4 Qd8 22. h5 g5 23. exd5 exd5 24. Rde1 Rh6 25. Re7 Nf8 26. d7 Nxd7 27. Rhe1 Qf8 28. f4 Re6 29. R1xe6 fxe6 30. Qd6 Nb6 31. Qxe6+ Kh7 32. Rf7 Qg8 33. Qg6+ Kh8 34. h6 Qh7 35. hxg7+ Kg8 36. Rf8+ Rxf8 37. gxf8=Q+ 1-0

[Event "Turkish Youth Championship 2024"]
[Site "Samsun"]
[Date "2024.05.20"]
[Round "4"]
[White "Dogan, Umut Anil"]
[Black "Yogurtcuoglu, Cagan"]
[Result "0-1"]
[ECO "A11"]
[WhiteElo "1959"]
[BlackElo "1714"]
[Annotator "NA"]
[PlyCount "96"]
[EventDate "2024.05.18"]
[EventType "swiss"]
[EventCountry "TUR"]
[SourceTitle "playchess.com"]
[Source "ChessBase"]
[SourceQuality "1"]
[TimeControl "5400+30"]

1. Nf3 Nf6 2. c4 c6 3. Nc3 d5 4. e3 e6 5. b3 Nbd7 6. Qc2 Be7 7. Bb2 O-O 8. Be2 Re8 9. O-O b6 10. cxd5 cxd5 11. Nb5 Bb7 12. Qc7 a6 13. Qxb7 axb5 14. Rfc1 b4 15. Rc6 Ne4 16. Rc7 Ndc5 17. Qxb6 Rb8 18. Qc6 Bd6 19. Be5 Qxc7 20. Qxc7 Bxc7 21. Bxc7 Ra8 22. Be5 f6 23. Bb2 Rec8 24. Nd4 Nxd2 25. f3 Ncxb3 26. axb3 Rxa1+ 27. Bxa1 Rc1+ 28. Kf2 Rxa1 29. Nc2 Rb1 30. Nxb4 Rxb3 31. Nd3 Kf7 32. Nf4 Nb1 33. Bd3 g5 34. Bxb1 Rxb1 35. Nd3 e5 36. Ke2 Ke6 37. h3 h5 38. Nc5+ Kd6 39. Nd3 h4 40. f4 Rg1 41. fxg5 fxg5 42. Ne1 Rxe1+ 43. Kxe1 Kc5 44. Kd2 Kb4 45. Kc2 Kc4 46. Kd2 d4 47. exd4 Kxd4 48. Ke2 Ke4 0-1

[Event "Turkish Youth Championship 2024"]
[Site "Samsun"]
[Date "2024.05.20"]
[Round "4"]
[White "Ozgun, Yigit Deniz"]
[Black "Selvi, Kaan"]
[Result "1-0"]
[ECO "E90"]
[WhiteElo "1917"]
[BlackElo "1881"]
[Annotator "NA"]
[PlyCount "87"]
[EventDate "2024.05.18"]
[EventType "swiss"]
[EventCountry "TUR"]
[SourceTitle "playchess.com"]
[Source "ChessBase"]
[SourceQuality "1"]
[TimeControl "5400+30"]

1. d4 c5 2. d5 Nf6 3. c4 d6 4. Nc3 g6 5. e4 Bg7 6. h3 O-O 7. Bd3 e6 8. Nf3 Na6 9. O-O Nc7 10. Re1 Rb8 11. a4 e5 12. Bd2 Nh5 13. Nb5 Ra8 14. b4 Nxb5 15. axb5 cxb4 16. Bxb4 b6 17. Qb3 Qf6 18. Bf1 Nf4 19. Ra4 Rd8 20. Rea1 Rd7 21. Bd2 h6 22. g3 Nh5 23. Bg2 Qd8 24. Ne1 f5 25. Nc2 Rf7 26. Nb4 fxe4 27. Nc6 Qf6 28. Qe3 Bd7 29. Rxa7 Raf8 30. Be1 Nf4 31. gxf4 exf4 32. Qxe4 f3 33. Bf1 Qg5+ 34. Kh1 Bxa1 35. Rxa1 Re8 36. Qd4 Rf4 37. Bd2 Rxd4 38. Bxg5 Bxc6 39. Be3 Rh4 40. bxc6 g5 41. Kh2 Rhe4 42. Bd3 R4e7 43. Bxb6 Kf7 44. c5 1-0

[Event "Turkish Youth Championship 2024"]
[Site "Samsun"]
[Date "2024.05.20"]
[Round "4"]
[White "Kilic, Nurullah"]
[Black "Uslu, Tarik"]
[Result "0-1"]
[ECO "A31"]
[WhiteElo "1893"]
[BlackElo "1483"]
[Annotator "NA"]
[PlyCount "62"]
[EventDate "2024.05.18"]
[EventType "swiss"]
[EventCountry "TUR"]
[SourceTitle "playchess.com"]
[Source "ChessBase"]
[SourceQuality "1"]
[TimeControl "5400+30"]

1. c4 Nf6 2. g3 g6 3. Bg2 Bg7 4. Nc3 c5 5. Nf3 Nc6 6. O-O d6 7. d4 cxd4 8. Nxd4 Bd7 9. e3 O-O 10. b3 Qa5 11. Nce2 Qh5 12. Qd2 Ng4 13. h3 Nf6 14. Bb2 Rad8 15. g4 Qh6 16. Nf3 Ne4 17. Qc2 f5 18. Nh2 Bxb2 19. Qxb2 Ng5 20. Nf4 e5 21. Bd5+ Kh8 22. Kg2 Rf6 23. Rh1 Rdf8 24. gxf5 gxf5 25. h4 Ne4 26. Bxe4 fxe4 27. Nd5 Qxh4 28. Nxf6 Bh3+ 29. Kg1 Rxf6 30. Nf1 Rg6+ 31. Ng3 Rxg3+ 0-1

[Event "Turkish Youth Championship 2024"]
[Site "Samsun"]
[Date "2024.05.20"]
[Round "4"]
[White "Ekinci, Berkay"]
[Black "Turgut, Hakan"]
[Result "0-1"]
[ECO "B23"]
[WhiteElo "1891"]
[BlackElo "1954"]
[Annotator "ChessBase"]
[PlyCount "72"]
[EventDate "2024.05.18"]
[EventType "swiss"]
[EventCountry "TUR"]
[SourceTitle "playchess.com"]
[Source "ChessBase"]
[SourceQuality "1"]
[TimeControl "5400+30"]

1. e4 c5 2. Nc3 Nc6 3. Bb5 g6 4. f4 Nd4 5. Nf3 Nxb5 6. Nxb5 a6 7. Nc3 Bg7 8. O-O d6 9. d3 Nf6 10. Qe1 b5 11. e5 dxe5 12. fxe5 Nd5 13. Ng5 O-O 14. e6 Bd4+ 15. Kh1 fxe6 16. Rxf8+ Qxf8 17. Nce4 Qf5 18. c3 Bf6 19. Nf3 Nb6 20. Be3 Nd7 21. Nfd2 Bb7 22. Qe2 Bg7 23. Ng3 Qd5 24. Nde4 Rc8 25. b3 Nf6 26. Rd1 Nxe4 27. Nxe4 c4 28. bxc4 bxc4 29. Nc5 Ba8 30. dxc4 Qf5 31. Bd4 e5 32. Be3 h5 33. Rf1 Qh3 34. Kg1 Bxg2 35. Rb1 Bf3 36. Qd3 Qg2# 0-1

[Event "Turkish Youth Championship 2024"]
[Site "Samsun"]
[Date "2024.05.20"]
[Round "4"]
[White "Cicek, Bilal Emre"]
[Black "Atis, Hasan"]
[Result "1/2-1/2"]
[ECO "A11"]
[WhiteElo "1873"]
[BlackElo "2014"]
[Annotator "ChessBase"]
[PlyCount "124"]
[EventDate "2024.05.18"]
[EventType "swiss"]
[EventCountry "TUR"]
[SourceTitle "playchess.com"]
[Source "ChessBase"]
[SourceQuality "1"]
[TimeControl "5400+30"]

1. c4 Nf6 2. g3 c6 3. Bg2 d5 4. Nf3 dxc4 5. Na3 b5 6. d3 cxd3 7. O-O Bb7 8. Ne5 a6 9. Qb3 e6 10. Rd1 Qc7 11. Bf4 Qc8 12. Rxd3 Be7 13. Rc1 O-O 14. Be3 Qc7 15. Bf4 g5 16. Nxf7 gxf4 17. Ng5 Nd5 18. Nxe6 Qe5 19. Nxf8 Kxf8 20. Nc4 bxc4 21. Rxd5 cxb3 22. Rxe5 fxg3 23. Rf5+ Kg7 24. hxg3 bxa2 25. Ra5 Ra7 26. Rxa2 c5 27. Ra4 Bc8 28. Bd5 Nd7 29. Be6 h5 30. b3 Nb6 31. Re4 Bf8 32. Bxc8 Nxc8 33. Re5 Rb7 34. Rc3 Nd6 35. Rxh5 Nb5 36. Rc4 Kg6 37. Re5 Nd4 38. Re8 Kf7 39. Ra8 Nxe2+ 40. Kf1 Nd4 41. Rxa6 Rxb3 42. Raa4 Rd3 43. Ra6 Be7 44. Kg2 Rd2 45. Rb6 Re2 46. Ra6 Re5 47. Raa4 Rd5 48. Ra6 Rd7 49. Kh3 Rc7 50. f4 Nb5 51. Ra5 Na7 52. g4 Ke6 53. Rc1 Kd5 54. g5 Nc6 55. Ra4 Bd6 56. Kg4 Rg7 57. Ra6 Be7 58. Rb6 Bd8 59. Rb5 Be7 60. Rb6 Bd8 61. Rb5 Be7 62. Rb6 Bd8 1/2-1/2

[Event "Turkish Youth Championship 2024"]
[Site "Samsun"]
[Date "2024.05.20"]
[Round "4"]
[White "Bulut, Kemal"]
[Black "Cilek, Bora"]
[Result "0-1"]
[ECO "B15"]
[WhiteElo "1848"]
[BlackElo "2246"]
[Annotator "ChessBase"]
[PlyCount "122"]
[EventDate "2024.05.18"]
[EventType "swiss"]
[EventCountry "TUR"]
[SourceTitle "playchess.com"]
[Source "ChessBase"]
[SourceQuality "1"]
[TimeControl "5400+30"]

1. e4 g6 2. d4 Bg7 3. Nc3 c6 4. f4 d5 5. e5 Nh6 6. Nf3 Bg4 7. Be2 O-O 8. Be3 f6 9. Qd2 Nd7 10. O-O Nf5 11. Bf2 Bxf3 12. Bxf3 fxe5 13. dxe5 e6 14. Ne2 g5 15. g3 gxf4 16. gxf4 Bh6 17. Qd3 Ng7 18. Bg3 Qb6+ 19. Kh1 Rf7 20. Rg1 Kh8 21. b3 Raf8 22. Bg4 Nc5 23. Qf3 Ne4 24. Bh3 Ng5 25. Qg4 Nxh3 26. Qxh3 Nf5 27. Bh4 Nxh4 28. Qxh4 Bxf4 29. Nxf4 Rxf4 30. Qh6 R4f7 31. Raf1 Qb4 32. c4 Qe7 33. Re1 Rf2 34. cxd5 cxd5 35. Rg3 Qf7 36. Reg1 Rf1 37. Qg5 Rxg1+ 38. Rxg1 Rg8 39. Qe3 Rxg1+ 40. Kxg1 Qg6+ 41. Kf2 Qf5+ 42. Kg3 a6 43. Qc3 Kg7 44. Qc7+ Qf7 45. Qc3 Kg6 46. Qd4 Qf5 47. Qc3 h5 48. Qc7 b5 49. Qb8 Qg4+ 50. Kf2 Kf5 51. Qh8 Ke4 52. Qc8 Qf3+ 53. Kg1 Kxe5 54. Qc7+ Ke4 55. Qc2+ Kd4 56. Qd2+ Kc5 57. Qc1+ Kd4 58. Qd2+ Ke4 59. Qc2+ Kf4 60. Qc7+ e5 61. Qf7+ Ke3 0-1

[Event "Turkish Youth Championship 2024"]
[Site "Samsun"]
[Date "2024.05.20"]
[Round "4"]
[White "Herdem, Talha"]
[Black "Akyuz, Pars"]
[Result "0-1"]
[ECO "B11"]
[WhiteElo "1844"]
[BlackElo "1461"]
[Annotator "NA"]
[PlyCount "82"]
[EventDate "2024.05.18"]
[EventType "swiss"]
[EventCountry "TUR"]
[SourceTitle "playchess.com"]
[Source "ChessBase"]
[SourceQuality "1"]
[TimeControl "5400+30"]

1. e4 c6 2. Nf3 d5 3. Nc3 Bg4 4. h3 Bxf3 5. Qxf3 e6 6. d3 Nf6 7. Be2 Nbd7 8. O-O Bd6 9. d4 dxe4 10. Nxe4 Nxe4 11. Qxe4 Nf6 12. Qf3 h6 13. Rd1 O-O 14. c3 Qe7 15. Bd3 Rad8 16. Bd2 Rd7 17. b4 e5 18. Re1 Qd8 19. Bf5 Re7 20. dxe5 Rxe5 21. Be3 Rfe8 22. Red1 Rd5 23. Bxa7 b6 24. c4 Rxd1+ 25. Rxd1 Qe7 26. g4 g6 27. Bc2 Nh7 28. Qxc6 Bf4 29. Bxb6 Ng5 30. Kg2 Kh7 31. Bc5 Qe2 32. Rf1 Re6 33. Bd1 Qxf1+ 34. Kxf1 Rxc6 35. a4 Bc7 36. h4 Ne4 37. Be3 Rxc4 38. b5 Nc3 39. Bb3 Rxg4 40. b6 Bxb6 41. Bxb6 Rb4 0-1

[Event "Turkish Youth Championship 2024"]
[Site "Samsun"]
[Date "2024.05.20"]
[Round "4"]
[White "Cetindag, Alper"]
[Black "Basara, Arda"]
[Result "1-0"]
[ECO "C50"]
[WhiteElo "1839"]
[BlackElo "1943"]
[Annotator "ChessBase"]
[PlyCount "92"]
[EventDate "2024.05.18"]
[EventType "swiss"]
[EventCountry "TUR"]
[SourceTitle "playchess.com"]
[Source "ChessBase"]
[SourceQuality "1"]
[TimeControl "5400+30"]

1. e4 e5 2. Nf3 Nc6 3. Bc4 Be7 4. d4 exd4 5. c3 Nf6 6. e5 Ng4 7. cxd4 d5 8. Bb5 h5 9. Nc3 Be6 10. Qa4 Qd7 11. O-O Nh6 12. Bg5 Nf5 13. Rfd1 O-O 14. Rac1 a6 15. Bxc6 Qxc6 16. Qxc6 bxc6 17. Na4 Bd7 18. Bxe7 Nxe7 19. h3 Rfb8 20. b3 a5 21. Nc5 Bf5 22. Nh4 Rb4 23. Rc3 Be4 24. Re3 Bc2 25. Rd2 Bb1 26. Re1 Bh7 27. f4 Bf5 28. Kf2 Re8 29. Kf3 Bc8 30. g4 hxg4+ 31. hxg4 g6 32. a3 Rb8 33. Rg1 Kf8 34. Rh2 Ra8 35. Ng2 Kg7 36. Rgh1 Rg8 37. Ne3 Kf8 38. a4 Rb8 39. Ke2 Rb4 40. Kd3 Rb6 41. Kc3 Rb8 42. Rh8 Kg7 43. Rxg8+ Kxg8 44. Rf1 Kg7 45. f5 Ng8 46. e6 f6 1-0

[Event "Turkish Youth Championship 2024"]
[Site "Samsun"]
[Date "2024.05.20"]
[Round "4"]
[White "Hamurcu, Mehmet"]
[Black "Tirpan, Ceren"]
[Result "1-0"]
[ECO "B23"]
[WhiteElo "1832"]
[BlackElo "2004"]
[Annotator "ChessBase"]
[PlyCount "65"]
[EventDate "2024.05.18"]
[EventType "swiss"]
[EventCountry "TUR"]
[SourceTitle "playchess.com"]
[Source "ChessBase"]
[SourceQuality "1"]
[TimeControl "5400+30"]

1. e4 c5 2. Nc3 Nc6 3. Bb5 Nd4 4. Nf3 Nxb5 5. Nxb5 a6 6. Nc3 e6 7. d4 cxd4 8. Qxd4 Ne7 9. Bg5 f6 10. Bh4 Nc6 11. Qe3 Qa5 12. a3 Qc5 13. Qe2 d6 14. Nd2 Nd4 15. Qd3 e5 16. f4 Ne6 17. f5 Nc7 18. Nb3 Qc6 19. Na5 Qd7 20. Nc4 Rb8 21. Nb6 Qc6 22. Bf2 Be7 23. a4 g6 24. fxg6 hxg6 25. Ncd5 Be6 26. Ra3 Nxd5 27. exd5 Bf5 28. dxc6 bxc6 29. Qxa6 Kf7 30. Qc4+ d5 31. Qxc6 Bxa3 32. Qc7+ Be7 33. Bc5 1-0

[Event "Turkish Youth Championship 2024"]
[Site "Samsun"]
[Date "2024.05.20"]
[Round "4"]
[White "Ucar, Umut Can"]
[Black "Kesici, Eyup Can"]
[Result "0-1"]
[ECO "D00"]
[WhiteElo "1799"]
[BlackElo "1539"]
[Annotator "NA"]
[PlyCount "128"]
[EventDate "2024.05.18"]
[EventType "swiss"]
[EventCountry "TUR"]
[SourceTitle "playchess.com"]
[Source "ChessBase"]
[SourceQuality "1"]
[TimeControl "5400+30"]

1. d4 d5 2. Bf4 Nf6 3. e3 e6 4. c3 Bd6 5. Bg3 Nbd7 6. Nf3 Qe7 7. Bd3 e5 8. dxe5 Nxe5 9. Nxe5 Bxe5 10. Nd2 c6 11. Nf3 Bxg3 12. hxg3 Bg4 13. Qc2 h5 14. Bf5 Bxf5 15. Qxf5 g6 16. Qf4 Ne4 17. Nd2 Nxd2 18. Kxd2 O-O-O 19. g4 h4 20. g5 Qe4 21. Rh3 Qxg2 22. Rxh4 Rxh4 23. Qxh4 Qf3 24. Rh1 d4 25. exd4 Qd5 26. Qg4+ Kb8 27. Qf4+ Kc8 28. Rh7 Qxa2 29. Qg4+ Kb8 30. Kc2 Qa4+ 31. Kb1 Re8 32. Rh1 a6 33. Qf4+ Ka7 34. Qd2 Qb5 35. Re1 Rxe1+ 36. Qxe1 Qf5+ 37. Ka1 Qxg5 38. Qe2 Qd5 39. Qe7 g5 40. f3 a5 41. Qf6 Ka6 42. Kb1 a4 43. Qe7 Qxf3 44. Kc1 g4 45. Qb4 Qf1+ 46. Kc2 Qe2+ 47. Kc1 Qb5 48. Qf8 Qg5+ 49. Kc2 Ka7 50. c4 Qf5+ 51. Kc3 Qf3+ 52. Kd2 Qf2+ 53. Kd3 Qf1+ 54. Kc3 Qc1+ 55. Kd3 Qd1+ 56. Ke3 Qb3+ 57. Kf4 Qxc4 58. Qd8 Qb4 59. Kg3 f5 60. Kh4 Qe1+ 61. Kg5 g3 62. Qd6 Qc1+ 63. Kxf5 g2 64. Qc5+ Qxc5+ 0-1